 Dungeon Crawl Stone Soup version 0.28.0-1-gb440e238dd (webtiles) character file.

Game seed: 9467801971240821600

4 JuniperTheExplorer the Sneak (level 1, 0/11 HPs)
             Began as an Octopode Enchanter on Feb 25, 2022.
             Slain by a goblin (3 damage)
             ... on level 1 of the Dungeon.
             The game lasted 00:01:44 (76 turns).

JuniperTheExplorer the Sneak (Octopode Enchanter)     Turns: 76, Time: 00:01:45

Health: 0/11       AC:  1    Str:  7    XL:     1   Next: 60%
Magic:  3/3        EV: 13    Int: 17    God:
Gold:   0          SH:  0    Dex: 12    Spells: 4/4 levels left

rFire   . . .      SeeInvis .   a - +1 dagger
rCold   . . .      Faith    .   (no shield)
rNeg    . . .      Spirit   .   (helmet restricted)
rPois   .          Reflect  .   (no amulet)
rElec   .          Harm     .   (no ring)
rCorr   .          Rampage  .   (no ring)
Will    .....                   (no ring)
Stlth   +++.......              (no ring)
HPRegen 0.03/turn               (no ring)
MPRegen 0.08/turn               (no ring)
                                (no ring)
                                (no ring)

@: no status effects
A: almost no armour, amphibious, 8 rings, camouflage 1, gelatinous body 1,
(nimble swimmer 1), tentacles
a: no special abilities


You were on level 1 of the Dungeon.
You visited 1 branch of the dungeon, and saw 1 of its levels.

Inventory:

Hand Weapons
 a - a +1 dagger (weapon)
Potions
 b - a potion of invisibility


   Skills:
 + Level 1.1 Short Blades
 + Level 2.0 Dodging
 + Level 4.1 Stealth
 + Level 2.0 Spellcasting
 + Level 3.0 Hexes


You had 4 spell levels left.
You didn't know any spells.
Your spell library contained the following spells:

 Spells                   Type           Power      Damage    Failure   Level
 Ensorcelled Hibernation  Hex/Ice        12%        N/A       16%         2
 Confusing Touch          Hex            12%        N/A       17%         3
 Tukima's Dance           Hex            12%        N/A       17%         3
 Dazzling Flash           Conj/Hex       12%        N/A       30%         3


Dungeon Overview and Level Annotations

Branches:
Dungeon (1/15)

Altars:


Innate Abilities, Weirdness & Mutations

You cannot wear most types of armour.
You are amphibious.
You can wear up to eight rings at the same time.
Your skin changes colour to match your surroundings (Stealth+).
Your rubbery body absorbs attacks. (AC +1, EV +1)
((You are camouflaged when in or above water. (Stealth+)))
You have tentacles for arms and can constrict up to eight enemies at once.


Message History

Things that are here:
a +0 dagger; 5 stones; a kobold corpse You barely miss the frilled lizard.
Your grab misses the frilled lizard. Your squeeze misses the frilled lizard.
The bat closely misses you. The frilled lizard closely misses you.
The bat barely misses you.
You barely miss the frilled lizard. You grab the frilled lizard.
Your squeeze misses the frilled lizard. You constrict the frilled lizard.
The bat hits you but does no damage. The bat barely misses you.
The frilled lizard bites you.
You barely miss the frilled lizard. Your squeeze misses the frilled lizard.
The frilled lizard is heavily wounded.
You constrict the frilled lizard.
You kill the frilled lizard!
The bat hits you.
You hit the ball python. Your grab misses the ball python.
Your squeeze misses the ball python.
The ball python is heavily wounded.
The ball python closely misses you. The ball python barely misses you.
The bat barely misses you.
A goblin comes into view. It is wielding a +0 dagger.
The ball python barely misses you. The ball python grabs you.
The ball python constricts you.
You barely miss the ball python.
The goblin shouts!
Your grab misses the ball python.
The ball python is heavily wounded.
You hear an angry hiss.
The bat barely misses you. The ball python barely misses you.
The ball python constricts you.
You closely miss the ball python. Your grab misses the ball python.
The ball python is heavily wounded.
The bat hits you. The ball python barely misses you.
The ball python constricts you.
You hit the ball python.
You kill the ball python!
The bat hits you.
* * * LOW HITPOINT WARNING * * *
A goblin comes into view. It is wielding a +0 dagger.
The bat closely misses you. The goblin hits you with a +0 dagger.
You die...

#........####.####......
#.............# #......
#........###### ###...#
#........# #...#
...........# #...#
.....#......###### #####
..####............ .
#.##.b.......
###.##g@.....##
.(.......#####
#..g###..# ..# ...# .
).#.# [)# .# .#. .# .###
.# .. ##


You could see 2 goblins and a bat.

Vanquished Creatures
  A ball python (D:1)
  A kobold (D:1)
  A frilled lizard (D:1)
  A rat (D:1)
4 creatures vanquished.

Notes
Turn   | Place    | Note
-------+----------+-------------------------------------------
     0 | D:1      | JuniperTheExplorer the Octopode Enchanter began the quest
                  | for the Orb.
     0 | D:1      | Reached XP level 1. HP: 11/11 MP: 3/3
    76 | D:1      | Slain by a goblin

Illustrated notes

Levels and vault maps discovered:
D:1:      minmay_arrival_cross, layout_rooms, hangedman_decor_growths,
          minmay_tetromino_t4

Action                   || total
-------------------------++-------
Melee: Dagger            ||    10
       Constrict         ||     3
       Tentacles         ||     1
Armor: Skin              ||     1
Dodge: Dodged            ||    14
